 Dungeon Crawl Stone Soup version 0.30-b1-2-g02819fbbbe (webtiles) character file.

Game seed: 9006366994791980592

15 Alarkh the Sneak (level 2, 24/24 HPs)
             Began as a Demonspawn Delver on May 22, 2023.
             Got out of the dungeon alive.
             The game lasted 00:02:08 (1074 turns).

Alarkh the Sneak (Demonspawn Delver)                Turns: 1074, Time: 00:02:08

Health: 24/24      AC:  3    Str: 10 (12) XL:     2   Next: 34%
Magic:  2/2        EV: 11    Int:  9 (11) God:
Gold:   80         SH:  0    Dex: 12 (14) Spells: 1/1 levels left

rFire   . .          .
                       - Unarmed
rCold   . . .        (no shield)
rNeg    . . .        a - +0 leather armour
rPois   .            (no helmet)
rElec   .            (no cloak)
rCorr   .            (no gloves)
SInv    .            (no boots)
Will    .....        (no amulet)
Stlth   ++           (no ring)
HPRegen 0.24/turn    (no ring)
MPRegen 0.08/turn

%: no passive effects
@: no status effects
A: hooves 1
a: no special abilities


You escaped.
You visited 1 branch of the dungeon, and saw 5 of its levels.

You collected 80 gold pieces.

Inventory:

Missiles
 c - 2 datura-tipped darts (quivered)
Armour
 a - a +0 leather armour (worn)
 g - an orb of light
Wands
 f - a wand of digging (2)
Scrolls
 b - a scroll of fog
 d - a scroll of fear
 i - a scroll of poison
 k - a scroll of immolation
Potions
 e - 2 potions of haste
 n - a potion of curing
 p - a potion of invisibility


   Skills:
 - Level 3.0 Fighting
 - Level 1.7 Dodging
 - Level 4.5 Stealth
 + Level 2.7 Unarmed Combat


You had one spell level left.
You didn't know any spells.
Your spell library was empty.

Dungeon Overview and Level Annotations

Branches:
Dungeon (5/15)
 Temple: D:4-7

Altars:

Shops:
D:1 [

Annotations:
D:4 Robin
D:5 Edmund


Innate Abilities, Weirdness & Mutations

You have large cloven feet.


Message History

Done exploring.
Done exploring.
Done exploring.
It was a potion of attraction.
You feel attractive to monsters.
It was a potion of degeneration.
There was something very wrong with that liquid.
You feel weakened.
You feel dopey.
You feel clumsy.
It was a potion of heal wounds.
You feel much better.
It was a potion of curing.
You feel better.
It was a potion of berserk rage.
A red film seems to cover your vision as you go berserk!
You feel yourself moving faster!
You feel mighty!
You are too berserk!
You start waiting.
You feel a strong urge to attack something.
You start waiting.
You feel your anger nearly subside.
You start waiting.
You are no longer berserk.
You are exhausted.
You feel yourself slow down.
It was a potion of invisibility.
You fade into invisibility!
Okay, then.
The air fills with toxic fumes!
As you read the scroll labelled ETEMUA DOKE, it crumbles to dust.
It was a scroll of poison.
As you read the scroll labelled UPTIGA ACEWIN, it crumbles to dust.
It is a scroll of identify.
You don't currently have any unidentified items.
You start waiting.
You flicker for a moment.
You feel less attractive to monsters.
You flicker back into view.
You feel yourself speed up.
You recover from your berserk rage.
There is a staircase leading out of the dungeon here.
Are you sure you want to leave the Dungeon?
This will make you lose the game!
You have escaped!

#.# ##.##..######## #.#
#.##.......... #.#
#.##.#########
#####.####.##.# #
#...........#.# ##
#.#########...########.
#####......................
#......................###.
#.###.....@......#####.# ##
#.# #...........######.## #
#.###...........#.......###
#.#...#########........#.##
#.#.#...........#.....###.#
#.#.#########.#..[...## ##.
#.........# #.#.......###.#
###.#####.# #.#........#.##
#.# #.# #.#.........##


There were no monsters in sight!

Vanquished Creatures
  A bat (D:3)
  2 endoplasms
  A giant cockroach (D:3)
  2 goblins
  2 quokkas
  A ball python (D:1)
  A frilled lizard (D:3)
  4 rats
14 creatures vanquished.

Notes
Turn   | Place    | Note
-------+----------+-------------------------------------------
     0 | D:5      | Alarkh the Demonspawn Delver began the quest for the Orb.
     0 | D:5      | Reached XP level 1. HP: 18/18 MP: 1/1
    30 | D:4      | Noticed an ogre
   111 | D:5      | Noticed Edmund
   140 | D:4      | Noticed Robin
   154 | D:4      | Noticed an iguana
   309 | D:3      | Discovered your monstrous ancestry.
   309 | D:3      | Gained mutation: You have large cloven feet. [demonic
                  | ancestry]
   309 | D:3      | Reached XP level 2. HP: 21/24 MP: 2/2
   439 | D:1      | Found Xeirafe's Antique Armour Emporium.
  1074 | D:$      | Got out of the dungeon alive.

Illustrated notes

Levels and vault maps discovered:
D:1:      minmay_arrival_semitransparent, layout_loops_ring, serial_shops, shop
D:2:      minmay_roachtagon, layout_rooms, serial_shops, shop, uniq_terence
D:3:      layout_basic, lemuel_tele_altar, minmay_fountain_box,
          minmay_stone_trees_small
D:4:      layout_cave_pools, nemelex_dance_club_becter,
          nicolae_wu_jian_immortal_techniques, hangedman_abyss_or_decor_stagger,
          uniq_robin
D:5:      layout_basic, worldfamousw_hep_ancestral_shrine, zin_treasury,
          minmay_temple_entry_glassed_door, skrybe_limestone_x,
          uniq_prince_ribbit1, uniq_edmund, uniq_eustachio

Skill      XL: |  1 |
---------------+----+-----
Unarmed Combat | 2 |  2.7
Fighting       | |  3.0
Dodging        | |  1.7
Stealth        | |  4.5

Action                     || total
---------------------------++-------
  Melee: Unarmed           ||    57
         Kick              ||     5
  Evoke: Wand              ||     1
    Use: Scroll            ||     4
         Potion            ||     6
   Stab: Sleeping          ||     1
 Armour: Leather armour    ||    18
  Dodge: Dodged            ||    51
